 Dungeon Crawl Stone Soup version 0.18.1-50-g88ac8fd (webtiles) character file.

172 Necrotakul the Gusty (level 5, -2/28 HPs)
             Began as a Tengu Air Elementalist on Oct 22, 2016.
             Slain by a gnoll shaman
             ... wielding a +0 club
              (9 damage)
             ... on level 3 of the Dungeon.
             The game lasted 00:15:30 (3274 turns).

Necrotakul the Gusty (Tengu Air Elementalist)       Turns: 3274, Time: 00:15:31

Health: -2/28      AC:  3    Str:  8    XL:     5   Next: 53%
Magic:  1/10       EV: 12    Int: 16    God:
Gold:   130        SH:  0    Dex: 15    Spells: 4 memorised, 2 levels left

rFire  . . .     SeeInvis .     o - +0 whip
rCold  . . .     Gourm    .     a - +1 robe
rNeg   . . .     Faith    .     (no shield)
rPois  .         Spirit   .     (helmet restricted)
rElec  .         Dismiss  .     (no cloak)
rCorr  .         Reflect  .     (no gloves)
SustAt .         Harm     .     (boots unavailable)
MR     .....                    (no amulet)
Stlth  ++........               (no ring)
                                (no ring)

@: repel missiles, not resistant to hostile enchantments, unstealthy
A: beak, talons 3, able to fly 1
a: Fly


You were on level 3 of the Dungeon.
You were not hungry.

You visited 1 branch of the dungeon, and saw 3 of its levels.

You collected 130 gold pieces.

Inventory:

Hand Weapons
 o - a +0 whip (weapon)
Missiles
 h - 6 tomahawks of dispersal (quivered)
Armour
 a - a +1 robe (worn)
Jewellery
 q - an uncursed ring of ice
Wands
 t - a wand of disintegration (12/24)
Scrolls
 d - 3 scrolls of enchant armour
 e - a scroll of enchant weapon {unknown}
 i - 3 scrolls of teleportation
 j - 3 scrolls of identify
 k - a scroll of random uselessness {unknown}
 l - a scroll of magic mapping {unknown}
 m - 3 scrolls of blinking
 n - 2 scrolls of remove curse
 s - a scroll of noise {unknown}
 u - a scroll of fear {unknown}
 v - a scroll of recharging {unknown}
 w - a scroll of fog {unknown}
 y - a scroll of immolation {unknown}
Potions
 p - a potion of ambrosia {unknown}
Books
 b - a book of Air

   Spells                             Type                      Level
   a - Shock                          Conjuration/Air              1
   b - Swiftness                      Charms/Air                   2
   c - Repel Missiles                 Charms/Air                   2
   d - Static Discharge               Conjuration/Air              3
   e - Lightning Bolt                 Conjuration/Air              5
Comestibles
 c - 3 bread rations
 f - a beef jerky
 g - a slice of pizza
 r - a meat ration
 x - 2 chunks of flesh


   Skills:
 - Level 2.1 Dodging
 - Level 2.0 Stealth
 - Level 3.2 Spellcasting
 - Level 4.1 Conjurations
 + Level 5.6 Air Magic


You had 2 spell levels left.
You knew the following spells:

 Your Spells              Type           Power        Failure   Level  Hunger
a - Shock                 Conj/Air       ###.         2%          1    None
b - Repel Missiles        Chrm/Air       ##....       10%         2    ##.....
c - Swiftness             Chrm/Air       ##......     10%         2    ##.....
d - Static Discharge      Conj/Air       ###.....     10%         3    ###....


Dungeon Overview and Level Annotations

Branches:
Dungeon (3/15)

Altars:


Innate Abilities, Weirdness & Mutations

You have a beak for a mouth.
You have claws for feet.
You can fly.


Message History

Confirm with . or Enter, or press ? or * to list all spells.
Aiming: Shock
Press: ? - help, Shift-Dir - straight line, f/p - gnoll shaman
Aim: a gnoll shaman, wielding a club and wearing a robe (severely wounded)
The zap hits the gnoll shaman.
The gnoll shaman appears unharmed.
The gnoll shaman is severely wounded.
The zap hits the gnoll.
The gnoll appears unharmed.
The gnoll is moderately wounded.
The zap hits the gnoll.
You kill the gnoll!
The gnoll shaman mumbles some strange prayers to its god against you.
You resist with some effort.
The gnoll hits you from afar with a halberd.
* * * LOW HITPOINT WARNING * * *
Casting: Shock
Confirm with . or Enter, or press ? or * to list all spells.
The gnoll shaman is struck by lightning.
The gnoll shaman is almost dead.
The lightning grounds out.
The gnoll shaman hits you with a club!
You die...

##############
.......()gg@.#
######.###.#.#############
#g% #.........(.....# .g..
###.###########.### ###..
#.# #P#.#.# ### #.#
#.#.#.# ##.## #.#.#.#
#...# #b#.#P# ##.##
#.#.#.#


You could see a gnoll shaman and a gnoll.

Vanquished Creatures
  2 gnolls (D:3)
  9 adders
  An ooze (D:2)
  2 worms (D:2)
  A dart slug (D:3)
  2 ball pythons
  6 giant cockroaches
  9 hobgoblins
  5 jackals (D:1)
  7 kobolds
  A quokka (D:3)
  5 bats
  2 giant newts
  4 goblins
  6 rats
62 creatures vanquished.

Notes
Turn   | Place    | Note
--------------------------------------------------------------
     0 | D:1      | Necrotakul the Tengu Air Elementalist began the quest for the Orb.
     0 | D:1      | Reached XP level 1. HP: 10/10 MP: 4/4
   253 | D:1      | Reached XP level 2. HP: 15/15 MP: 1/6
   947 | D:1      | Reached XP level 3. HP: 19/19 MP: 2/8
  1212 | D:1      | Learned a level 2 spell: Repel Missiles
  1218 | D:1      | Learned a level 2 spell: Swiftness
  1222 | D:1      | Learned a level 3 spell: Static Discharge
  1663 | D:2      | Reached XP level 4. HP: 19/24 MP: 0/9
  2614 | D:3      | Gained mutation: You can fly. [Tengu growth]
  2614 | D:3      | Reached XP level 5. HP: 28/28 MP: 5/10
  2722 | D:3      | Reached skill level 5 in Air Magic
  3274 | D:3      | Slain by a gnoll shaman

Skill      XL: |  1  2  3  4  5 |
---------------+----------------+-----
Spellcasting   | 3 |  3.2
Conjurations   | 3 4 |  4.1
Air Magic      | 5 |  5.6
Dodging        | |  2.1
Stealth        | |  2.0

Action                   |  1- 3 |  4- 6 || total
-------------------------+-------+-------++-------
Melee: Whip              |     2 |       ||     2
       Unarmed           |     2 |       ||     2
       Kick              |     1 |       ||     1
       Peck              |     1 |       ||     1
 Cast: Shock             |    75 |    88 ||   163
       Repel Missiles    |     1 |       ||     1
       Swiftness         |     1 |       ||     1
       Static Discharge  |       |     1 ||     1
 Abil: Fly               |       |     1 ||     1
  Use: Scroll            |     1 |     3 ||     4
  Eat: Chunk             |     3 |     5 ||     8
Armor: Robe              |     2 |     3 ||     5
Dodge: Dodged            |     9 |     5 ||    14
       Deflected         |       |     2 ||     2
